 Dungeon Crawl Stone Soup version 0.26-a0-540-g8a0c9464d7 (webtiles) character file.

Game seed: 18153299584374079227

2 Inarius the Skirmisher (level 1, -2/18 HPs)
             Began as a Mummy Wanderer on Aug 23, 2020.
             Slain by a leopard gecko (3 damage)
             ... on level 1 of the Dungeon.
             The game lasted 00:00:19 (200 turns).

Inarius the Skirmisher (Mummy Wanderer)              Turns: 200, Time: 00:00:21

Health: -2/18      AC:  2    Str: 15    XL:     1   Next: 25%
Magic:  1/1        EV: 12    Int:  9    God:
Gold:   0          SH:  0    Dex: 13    Spells: 0/0 levels left

rFire    x . .     SeeInvis .   a - +0 club
rCold    + . .     Faith    .   (no shield)
rNeg     + + +     Spirit   .   c - +0 robe
rPois    ∞         Reflect  .   (no helmet)
rElec    .         Harm     .   (no cloak)
rCorr    .                      (no gloves)
MR       .....                  (no boots)
Stlth    +.........             (no amulet)
HPRegen  0.06/turn              (no ring)
MPRegen  0.07/turn              (no ring)

@: no status effects
A: no potions, fire vulnerability, cold resistance 1, negative energy resistance
3, torment resistance, unbreathing
a: no special abilities


You were on level 1 of the Dungeon.
You visited 1 branch of the dungeon, and saw 1 of its levels.

Inventory:

Hand Weapons
 a - a +0 club (weapon)
Armour
 c - a +0 robe (worn)
Scrolls
 b - 2 scrolls of teleportation
 d - 3 scrolls of fear
 e - a scroll of random uselessness {unknown}
 f - a scroll of immolation {unknown}


   Skills:
 + Level 3.0 Fighting
 + Level 1.2 Armour
 + Level 1.5 Dodging
   Level 1.5 Shields
 - Level 1.5 Unarmed Combat


You couldn't memorise any spells.
You didn't know any spells.
Your spell library was empty.

Dungeon Overview and Level Annotations

Branches:
Dungeon (1/15)

Altars:


Innate Abilities, Weirdness & Mutations

You do not drink.
Your flesh is vulnerable to fire.
You are immune to poison.
Your flesh is cold resistant. (rC+)
You are immune to negative energy. (rN+++)
You are immune to unholy pain and torment.
You can survive without breathing.


Message History

You are too injured to fight recklessly!
You are too injured to fight recklessly!
You are too injured to fight recklessly!
You are too injured to fight recklessly!
You are too injured to fight recklessly!
You are too injured to fight recklessly!
You hit the kobold but do no damage.
The kobold is heavily wounded.
The kobold closely misses you. The kobold barely misses you.
The leopard gecko barely misses you.
You barely miss the kobold.
The kobold is heavily wounded.
The leopard gecko bites you.
* * * LOW HITPOINT WARNING * * *
The kobold hits you with a +0 dagger.
* * * LOW HITPOINT WARNING * * *
You hit the kobold.
The kobold is severely wounded.
The leopard gecko bites you.
You die...

#....# #....#
#....# # #....#
#.#....#####
###.#.(......#
.....>.Kl.##.#
#..@...#.#
#..(#?.#.#
#...#..#.#
#........#
#.#.(..†.# #
#.#......#.#
#.#..#.#.#.#####
#.#.#.............
#.#........##.####


You could see a leopard gecko and a kobold.

Vanquished Creatures
  A leopard gecko (D:1)
1 creature vanquished.

Notes
Turn   | Place    | Note
-------+----------+-------------------------------------------
     0 | D:1      | Inarius the Mummy Wanderer began the quest for the Orb.
     0 | D:1      | Inarius set off with the following items: a +0 club, 2
                  | scrolls of teleportation, a +0 robe, 2 scrolls of fear
     0 | D:1      | Reached XP level 1. HP: 18/18 MP: 1/1
   200 | D:1      | Slain by a leopard gecko

Illustrated notes

Levels and vault maps discovered:
D:1:      dpeg_arrival_rooms_c, layout_basic, corexii_item_surrounded_by_moat

Action                   || total
-------------------------++-------
Melee: Club              ||    16
Armor: Robe              ||     1
Dodge: Dodged            ||    17

Table legend: (Time is in decaauts)
 A = Elapsed time spent in this place.
 B = Non-inter-level travel time spent in this place.
 C = Inter-level travel time spent in this place.
 D = Time resting spent in this place.
 E = Time spent auto-exploring this place.
 F = Levels seen in this place.
 G = Mean time per level.
                   A        B        C        D        E       F      G
               +--------+--------+--------+--------+--------+-----+--------+
         Total |    204 |    204 |      0 |    131 |     33 |   1 |  204.0 |
       Dungeon |    204 |    204 |      0 |    131 |     33 |   1 |  204.0 |
               +--------+--------+--------+--------+--------+-----+--------+

Top non-repeatable levels by time:
     D:1: 204 daAuts
